| TOP OF THE 1ST |
|
Philadelphia Phillies batting - Pitching for Milwaukee Brewers : LHP Lewis Thorpe Jr.
|
|
Pitching: LHP Lewis Thorpe Jr.
|
|
|
Batting: SHB Lance Franklin
|
0-0: Called Strike 0-1: Ball 1-1: Reached on error, E4 (Groundball, 34, EV 84.4 MPH)
|
|
Batting: RHB Chef Belew
|
0-0: Ball 1-0: Foul Ball, location: 2F 1-1: Ball 2-1: SINGLE (Groundball, 4MD, EV 101.2 MPH) Lance Franklin to second
|
|
Batting: LHB Osamu Kubo
|
0-0: Swinging Strike 0-1: Ball 1-1: Called Strike 1-2: Ball 2-2: Ball 3-2: Strikes out looking
|
|
Batting: RHB Quintin Parker
|
0-0: Foul Ball, location: 2F 0-1: Ball 1-1: Ball Lance Franklin steals 3rd base 2-1: Ball 3-1: Called Strike 3-2: Foul Ball, location: 2F 3-2: Foul Ball, location: 2F 3-2: Base on Balls Chef Belew to second
|
|
Batting: LHB Ryan Trombley
|
0-0: Ball 1-0: Fielders Choice at 3rd, U5 (Groundball, 5L, EV 86.9 MPH) Lance Franklin scores Quintin Parker to second
|
|
Batting: LHB Jim Beaver
|
0-0: Ball 1-0: Foul Ball, location: 2F 1-1: Ball 2-1: Ball 3-1: Ground out 3-1 (Groundball, 34, EV 83.8 MPH)
|
| Top of the 1st over - 1 run, 1 hit, 1 error, 2 left on base; Philadelphia 1 - Milwaukee 0 |
| BOTTOM OF THE 1ST |
|
Milwaukee Brewers batting - Pitching for Philadelphia Phillies : LHP Phuck II
|
|
Pitching: LHP Phuck II
|
|
|
Batting: RHB Akitada Nishizawa
|
0-0: Ball 1-0: Swinging Strike 1-1: Called Strike 1-2: Foul Ball, location: 2F 1-2: Ball 2-2: Ball 3-2: Base on Balls
|
|
Batting: SHB Lewis Thorpe Jr.
|
0-0: Foul Ball, location: 2F 0-1: Ball 1-1: Ball 2-1: Ball 3-1: Called Strike 3-2: Base on Balls Akitada Nishizawa to second
|
|
Batting: SHB Junzo Kato
|
0-0: Foul Ball, location: 2F 0-1: Ball 1-1: SINGLE (Line Drive, 8LS, EV 106.9 MPH) Akitada Nishizawa to third Lewis Thorpe Jr. to second
|
|
Batting: RHB Dave Gonzalez
|
0-0: Ball 1-0: Ball 2-0: Ball 3-0: Called Strike 3-1: Foul Ball, location: 2F 3-2: Base on Balls Akitada Nishizawa scores Lewis Thorpe Jr. to third Junzo Kato to second
|
|
Batting: RHB Kisho Ito
|
0-0: Ball 1-0: Called Strike 1-1: Swinging Strike 1-2: Foul Ball, location: 2F 1-2: Strikes out swinging
|
|
Batting: RHB Daniel Donovan
|
0-0: Called Strike 0-1: Ball 1-1: Swinging Strike 1-2: Foul Ball, location: 2F 1-2: Fly out, F9 (Flyball, 9, EV 95.0 MPH) Runner from 3rd tags up, SCORES, no throw by RF
|
|
Batting: RHB Ryan Neal
|
0-0: Called Strike 0-1: Ball 1-1: Ball 2-1: Swinging Strike 2-2: Foul Ball, location: 2F 2-2: Ball 3-2: Ground out 5-3 (Groundball, 56S, EV 86.2 MPH)
|
| Bottom of the 1st over - 2 runs, 1 hit, 0 errors, 2 left on base; Philadelphia 1 - Milwaukee 2 |
| TOP OF THE 2ND |
|
Philadelphia Phillies batting - Pitching for Milwaukee Brewers : LHP Lewis Thorpe Jr.
|
|
Batting: LHB Cody Schumacher
|
0-0: Ground out 1-4-3 (Groundball, 15S, EV 101.2 MPH)
|
|
Batting: LHB Mike Davis
|
0-0: SINGLE (Line Drive, 78M, EV 86.9 MPH)
|
|
Batting: LHB Nick Canizales
|
0-0: Foul Ball, location: 2F 0-1: Grounds into double play, 4-6-3 (Groundball, 4, EV 90.0 MPH)
|
| Top of the 2nd over - 0 runs, 1 hit, 0 errors, 0 left on base; Philadelphia 1 - Milwaukee 2 |
| BOTTOM OF THE 2ND |
|
Milwaukee Brewers batting - Pitching for Philadelphia Phillies : LHP Phuck II
|
|
Batting: RHB Ben Campbell
|
0-0: Swinging Strike 0-1: Foul Ball, location: 2F 0-2: Ball 1-2: Strikes out looking
|
|
Batting: LHB Eric Klasek
|
0-0: Ball 1-0: Foul Ball, location: 2F 1-1: Foul Ball, location: 2F 1-2: SINGLE (Groundball, 4M, EV 107.5 MPH) (infield hit)
|
|
Batting: RHB Akitada Nishizawa
|
0-0: Called Strike 0-1: Ball 1-1: Ball 2-1: Ball 3-1: Foul Ball, location: 2F 3-2: Strikes out looking
|
|
Batting: SHB Lewis Thorpe Jr.
|
0-0: Fielders Choice at 2nd, 5-4 (Groundball, 56, EV 88.8 MPH)
|
| Bottom of the 2nd over - 0 runs, 1 hit, 0 errors, 1 left on base; Philadelphia 1 - Milwaukee 2 |
| TOP OF THE 3RD |
|
Philadelphia Phillies batting - Pitching for Milwaukee Brewers : LHP Lewis Thorpe Jr.
|
|
Batting: SHB Lance Franklin
|
0-0: Ball 1-0: Foul Ball, location: 2F 1-1: SINGLE (Groundball, 4MD, EV 98.1 MPH)
|
|
Batting: RHB Chef Belew
|
0-0: Ball 1-0: Ball 2-0: Called Strike 2-1: Ball 3-1: Base on Balls Lance Franklin to second
|
|
Batting: LHB Osamu Kubo
|
0-0: Called Strike 0-1: Foul Ball, location: 2F 0-2: Ball 1-2: SINGLE (Groundball, 3D, EV 95.0 MPH) Lance Franklin to third Chef Belew to second Runner from 3rd tries for Home, SAFE, throw by RF to home
|
|
Batting: RHB Quintin Parker
|
0-0: Called Strike 0-1: Reached on error, E1 (Groundball, 13S, EV 75.0 MPH) Chef Belew to third Osamu Kubo to second
|
|
Batting: LHB Ryan Trombley
|
0-0: Ball 1-0: Ball 2-0: Ball 3-0: Base on Balls Chef Belew scores Osamu Kubo to third Quintin Parker to second
|
|
Batting: LHB Jim Beaver
|
0-0: Ball 1-0: Called Strike 1-1: Swinging Strike 1-2: SINGLE (Groundball, 3D, EV 97.5 MPH) Osamu Kubo scores Quintin Parker to third Ryan Trombley to second
|
|
Batting: LHB Cody Schumacher
|
0-0: Swinging Strike 0-1: SINGLE (Groundball, 34D, EV 103.8 MPH) Quintin Parker scores Ryan Trombley to third Jim Beaver to second
|
|
Pitching: RHP Cody Autry
|
|
|
Batting: LHB Mike Davis
|
0-0: Called Strike 0-1: Called Strike 0-2: Ball 1-2: Foul Ball, location: 2F 1-2: Fly out, F8 (Flyball, 8RD, EV 101.9 MPH) Runner from 3rd tags up, SCORES, throw by CF
|
|
Batting: LHB Nick Canizales
|
0-0: Called Strike 0-1: Ball 1-1: Foul Ball, location: 2F 1-2: SINGLE (Groundball, 4, EV 98.1 MPH) Jim Beaver to third Cody Schumacher to second Runner from 3rd tries for Home, SAFE, throw by CF to home
|
|
Batting: SHB Lance Franklin
|
0-0: Called Strike 0-1: Called Strike 0-2: Foul Ball, location: 2F 0-2: Foul Ball, location: 2F 0-2: Ball 1-2: Ball 2-2: Fielders Choice at 2nd, 3-6 (Groundball, 34, EV 102.5 MPH) Cody Schumacher to third
|
|
Batting: RHB Chef Belew
|
0-0: Ball 1-0: Foul Ball, location: 2F 1-1: Ground out 4-3 (Groundball, 4, EV 80.6 MPH)
|
| Top of the 3rd over - 6 runs, 5 hits, 1 error, 2 left on base; Philadelphia 7 - Milwaukee 2 |
| BOTTOM OF THE 3RD |
|
Milwaukee Brewers batting - Pitching for Philadelphia Phillies : LHP Phuck II
|
|
Batting: SHB Junzo Kato
|
0-0: Foul Ball, location: 2F 0-1: Foul Ball, location: 2F 0-2: Ball 1-2: Ball 2-2: Strikes out swinging
|
|
Batting: RHB Dave Gonzalez
|
0-0: Called Strike 0-1: SINGLE (Groundball, 6MD, EV 96.2 MPH)
|
|
Batting: RHB Kisho Ito
|
0-0: Ball 1-0: Fly out, F8 (Flyball, 8LS, EV 85.0 MPH)
|
|
Batting: RHB Daniel Donovan
|
0-0: Called Strike 0-1: Ball 1-1: DOUBLE (Flyball, 8RXD, EV 100.0 MPH) Dave Gonzalez to third Runner from 3rd tries for Home, SAFE, throw by CF to trailing runner, SAFE at third!
|
|
Batting: RHB Ryan Neal
|
0-0: Ball Steal of home, Daniel Donovan is safe 1-0: Swinging Strike 1-1: Foul Ball, location: 2F 1-2: Fly out, F8 (Line Drive, 8RD, EV 94.4 MPH)
|
| Bottom of the 3rd over - 2 runs, 2 hits, 0 errors, 0 left on base; Philadelphia 7 - Milwaukee 4 |
| TOP OF THE 4TH |
|
Philadelphia Phillies batting - Pitching for Milwaukee Brewers : RHP Cody Autry
|
|
Batting: LHB Osamu Kubo
|
0-0: Ball 1-0: Called Strike 1-1: Ball 2-1: SINGLE (Groundball, 25, EV 68.1 MPH) (infield hit)
|
|
Batting: RHB Quintin Parker
|
0-0: Called Strike 0-1: Ball 1-1: Fly out, F8 (Flyball, 8LM, EV 91.2 MPH)
|
|
Batting: LHB Ryan Trombley
|
0-0: Called Strike 0-1: Called Strike 0-2: Ball 1-2: Ball 2-2: Foul Ball, location: 2F 2-2: Foul Ball, location: 2F 2-2: Grounds into double play, 5-4-3 (Groundball, 5, EV 90.0 MPH)
|
| Top of the 4th over - 0 runs, 1 hit, 0 errors, 0 left on base; Philadelphia 7 - Milwaukee 4 |
| BOTTOM OF THE 4TH |
|
Milwaukee Brewers batting - Pitching for Philadelphia Phillies : LHP Phuck II
|
|
Batting: RHB Ben Campbell
|
0-0: Ball 1-0: Ball 2-0: Ball 3-0: Foul Ball, location: 2F 3-1: Foul Ball, location: 2F 3-2: Base on Balls
|
|
Batting: LHB Eric Klasek
|
0-0: Ball 1-0: Ball 2-0: SINGLE (Line Drive, 9S, EV 103.8 MPH) Ben Campbell to second
|
|
Batting: RHB Akitada Nishizawa
|
0-0: Ball 1-0: Foul Ball, location: 2F 1-1: Ball 2-1: Foul Ball, location: 2F 2-2: Ball 3-2: Base on Balls Ben Campbell to third Eric Klasek to second
|
|
Batting: SHB Lewis Thorpe Jr.
|
0-0: Ball 1-0: Called Strike 1-1: Called Strike 1-2: Foul Ball, location: 2F 1-2: Foul Ball, location: 2F 1-2: Foul Ball, location: 2F 1-2: Ball 2-2: Strikes out swinging
|
|
Batting: SHB Junzo Kato
|
0-0: Called Strike 0-1: Called Strike 0-2: Strikes out swinging
|
|
Batting: RHB Dave Gonzalez
|
0-0: Hit by Pitch Ben Campbell scores Eric Klasek to third Akitada Nishizawa to second
|
|
Batting: RHB Kisho Ito
|
0-0: Ball 1-0: Called Strike 1-1: Fielders Choice at 2nd, 6-4 (Groundball, 6, EV 100.6 MPH)
|
| Bottom of the 4th over - 1 run, 1 hit, 0 errors, 3 left on base; Philadelphia 7 - Milwaukee 5 |
| TOP OF THE 5TH |
|
Philadelphia Phillies batting - Pitching for Milwaukee Brewers : RHP Cody Autry
|
|
Batting: LHB Jim Beaver
|
0-0: Ball 1-0: Ground out 6-3 (Groundball, 6, EV 110.6 MPH)
|
|
Batting: LHB Cody Schumacher
|
0-0: Called Strike 0-1: Ball 1-1: Ball 2-1: Foul Ball, location: 2F 2-2: Ball 3-2: Strikes out swinging
|
|
Batting: LHB Mike Davis
|
0-0: Ball 1-0: Ball 2-0: Called Strike 2-1: Ball 3-1: SINGLE (Line Drive, 4D, EV 108.1 MPH)
|
|
Batting: LHB Nick Canizales
|
0-0: Foul Ball, location: 2F 0-1: Ball 1-1: Foul Ball, location: 2F 1-2: Foul Ball, location: 2F 1-2: Strikes out swinging
|
| Top of the 5th over - 0 runs, 1 hit, 0 errors, 1 left on base; Philadelphia 7 - Milwaukee 5 |
| BOTTOM OF THE 5TH |
|
Milwaukee Brewers batting - Pitching for Philadelphia Phillies : LHP Phuck II
|
|
Batting: RHB Daniel Donovan
|
0-0: Ball 1-0: Ball 2-0: DOUBLE (Line Drive, 9LS, EV 90.0 MPH)
|
|
Batting: RHB Ryan Neal
|
0-0: SINGLE (Groundball, 34D, EV 96.9 MPH) Daniel Donovan to third Runner from 3rd tries for Home, SAFE, throw by RF to home Ryan Neal to second
|
|
Pitching: RHP Josh Allport
|
|
|
Batting: RHB Ben Campbell
|
0-0: Foul Ball, location: 2F 0-1: Foul Ball, location: 2F 0-2: Ball 1-2: Foul Ball, location: 2F 1-2: Foul Ball, location: 2F 1-2: Fly out, F8 (Flyball, 8RD, EV 98.1 MPH)
|
|
Batting: LHB Eric Klasek
|
0-0: SINGLE (Groundball, 4MD, EV 106.9 MPH) Ryan Neal to third Runner from 3rd tries for Home, SAFE, throw by CF to home
|
|
Batting: RHB Akitada Nishizawa
|
0-0: Ball 1-0: Called Strike 1-1: Grounds into double play, 6-4-3 (Groundball, 6, EV 81.2 MPH)
|
| Bottom of the 5th over - 2 runs, 3 hits, 0 errors, 0 left on base; Philadelphia 7 - Milwaukee 7 |
| TOP OF THE 6TH |
|
Philadelphia Phillies batting - Pitching for Milwaukee Brewers : RHP Cody Autry
|
|
Batting: SHB Lance Franklin
|
0-0: Ball 1-0: Ground out 5-3 (Groundball, 56S, EV 81.9 MPH)
|
|
Batting: RHB Chef Belew
|
0-0: Ball 1-0: Foul Ball, location: 2F 1-1: Ball 2-1: Ball 3-1: Called Strike 3-2: Base on Balls
|
|
Pitching: LHP Jamie Blake
|
|
|
Pinch Hitting: RHB Josh Hensley
|
0-0: Ball 1-0: 2-RUN HOME RUN (Flyball, 8LXD, EV 108.1 MPH), Distance : 412 ft
|
|
Batting: RHB Quintin Parker
|
0-0: DOUBLE (Groundball, 3L, EV 104.4 MPH)
|
|
Batting: LHB Ryan Trombley
|
0-0: Called Strike 0-1: Ball 1-1: Ball 2-1: Ball 3-1: Base on Balls
|
|
Batting: LHB Jim Beaver
|
0-0: Called Strike 0-1: Swinging Strike 0-2: Ball 1-2: Fly out, F8 (Line Drive, 8LM, EV 107.5 MPH)
|
|
Batting: LHB Cody Schumacher
|
0-0: Foul Ball, location: 2F 0-1: Foul Ball, location: 2F 0-2: Ball 1-2: Strikes out swinging
|
| Top of the 6th over - 2 runs, 2 hits, 0 errors, 2 left on base; Philadelphia 9 - Milwaukee 7 |
| BOTTOM OF THE 6TH |
|
Milwaukee Brewers batting - Pitching for Philadelphia Phillies : RHP Josh Allport
|
|
Now in LF: Danny Hill
|
|
|
Batting: SHB Lewis Thorpe Jr.
|
0-0: Ball 1-0: Ball 2-0: Ball 3-0: Base on Balls
|
|
Batting: SHB Junzo Kato
|
0-0: DOUBLE (Line Drive, 7LM, EV 101.9 MPH) Lewis Thorpe Jr. to third
|
|
Batting: RHB Dave Gonzalez
|
0-0: Ball 1-0: Ball 2-0: Foul Ball, location: 2F 2-1: Foul Ball, location: 2F 2-2: Foul Ball, location: 2F 2-2: Strikes out looking
|
|
Pinch Hitting: SHB Pat Wilson
|
0-0: Ball 1-0: Ball 2-0: Ball 3-0: Base on Balls
|
|
Batting: RHB Daniel Donovan
|
0-0: Ball 1-0: Swinging Strike 1-1: Called Strike 1-2: Foul Ball, location: 2F 1-2: Fly out, F9 (Flyball, 9D, EV 108.1 MPH) Runner from 3rd tags up, SCORES, no throw by RF Junzo Kato to third
|
|
Batting: RHB Ryan Neal
|
0-0: Fielders Choice at 2nd, 6-4 (Groundball, 6, EV 86.2 MPH)
|
| Bottom of the 6th over - 1 run, 1 hit, 0 errors, 2 left on base; Philadelphia 9 - Milwaukee 8 |
| TOP OF THE 7TH |
|
Philadelphia Phillies batting - Pitching for Milwaukee Brewers : LHP Jamie Blake
|
|
Pitching: RHP Chitoji Takemoto
|
|
|
Now at SS: Noah Stanley
|
|
|
Batting: LHB Mike Davis
|
0-0: Swinging Strike 0-1: Ball 1-1: Ball 2-1: Called Strike 2-2: Fly out, F7 (Flyball, 7D, EV 100.6 MPH)
|
|
Batting: LHB Nick Canizales
|
0-0: Called Strike 0-1: Called Strike 0-2: Strikes out swinging
|
|
Batting: SHB Lance Franklin
|
0-0: Called Strike 0-1: Ball 1-1: Ball 2-1: Foul Ball, location: 2F 2-2: Ball 3-2: Strikes out swinging
|
| Top of the 7th over - 0 runs, 0 hits, 0 errors, 0 left on base; Philadelphia 9 - Milwaukee 8 |
| BOTTOM OF THE 7TH |
|
Milwaukee Brewers batting - Pitching for Philadelphia Phillies : RHP Josh Allport
|
|
Pitching: RHP Ken Tetzlaff
|
|
|
Batting: RHB Ben Campbell
|
0-0: Fly out, F9 (Flyball, 9, EV 76.2 MPH)
|
|
Batting: LHB Eric Klasek
|
0-0: Called Strike 0-1: Ball 1-1: Fly out, F8 (Flyball, 8LXD, EV 104.4 MPH)
|
|
Batting: RHB Akitada Nishizawa
|
0-0: Ball 1-0: Ball 2-0: Ball 3-0: Called Strike 3-1: Swinging Strike 3-2: Strikes out looking
|
| Bottom of the 7th over - 0 runs, 0 hits, 0 errors, 0 left on base; Philadelphia 9 - Milwaukee 8 |
| TOP OF THE 8TH |
|
Philadelphia Phillies batting - Pitching for Milwaukee Brewers : RHP Chitoji Takemoto
|
|
Batting: RHB Chef Belew
|
0-0: Called Strike 0-1: Foul Ball, location: 2F 0-2: Foul Ball, location: 2F 0-2: Ball 1-2: Ground out 4-3 (Groundball, 4S, EV 80.0 MPH)
|
|
Batting: LHB Danny Hill
|
0-0: Ball 1-0: Called Strike 1-1: Ball 2-1: Called Strike 2-2: Strikes out swinging
|
|
Batting: RHB Quintin Parker
|
0-0: Ball 1-0: SINGLE (Flyball, 78S, EV 91.9 MPH)
|
|
Batting: LHB Ryan Trombley
|
0-0: 2-RUN HOME RUN (Flyball, 9LD, EV 97.5 MPH), Distance : 358 ft
|
|
Batting: LHB Jim Beaver
|
0-0: Ground out 4-3 (Groundball, 4, EV 91.9 MPH)
|
| Top of the 8th over - 2 runs, 2 hits, 0 errors, 0 left on base; Philadelphia 11 - Milwaukee 8 |
| BOTTOM OF THE 8TH |
|
Milwaukee Brewers batting - Pitching for Philadelphia Phillies : RHP Ken Tetzlaff
|
|
Pitching: RHP Josh Cornishen
|
|
|
Batting: SHB Lewis Thorpe Jr.
|
0-0: Foul Ball, location: 2F 0-1: Foul Ball, location: 2F 0-2: Ball 1-2: Ball 2-2: Strikes out swinging
|
|
Batting: SHB Junzo Kato
|
0-0: Ground out U3 (Groundball, 3, EV 85.6 MPH)
|
|
Batting: RHB Dave Gonzalez
|
0-0: Called Strike 0-1: Ball 1-1: Fly out, F7 (Flyball, 7S, EV 87.5 MPH)
|
| Bottom of the 8th over - 0 runs, 0 hits, 0 errors, 0 left on base; Philadelphia 11 - Milwaukee 8 |
| TOP OF THE 9TH |
|
Philadelphia Phillies batting - Pitching for Milwaukee Brewers : RHP Chitoji Takemoto
|
|
Pitching: RHP Chris Geraci
|
|
|
Batting: LHB Cody Schumacher
|
0-0: Called Strike 0-1: Fly out, F7 (Flyball, 78M, EV 90.0 MPH)
|
|
Batting: LHB Mike Davis
|
0-0: Called Strike 0-1: Ball 1-1: Ground out 4-3 (Groundball, 4, EV 106.2 MPH)
|
|
Batting: LHB Nick Canizales
|
0-0: Fly out, F3 (Line Drive, 3L, EV 66.2 MPH)
|
| Top of the 9th over - 0 runs, 0 hits, 0 errors, 0 left on base; Philadelphia 11 - Milwaukee 8 |
| BOTTOM OF THE 9TH |
|
Milwaukee Brewers batting - Pitching for Philadelphia Phillies : RHP Josh Cornishen
|
|
Batting: RHB Noah Stanley
|
0-0: Called Strike 0-1: SOLO HOME RUN (Flyball, 7D, EV 94.4 MPH), Distance : 381 ft
|
|
Batting: RHB Daniel Donovan
|
0-0: Ball 1-0: Called Strike 1-1: Ground out 5-3 (Groundball, 5L, EV 103.8 MPH)
|
|
Batting: RHB Ryan Neal
|
0-0: Ball 1-0: Called Strike 1-1: Ball 2-1: Ball 3-1: Base on Balls
|
|
Pinch Hitting: LHB Ernesto Cedillos
|
0-0: Ball 1-0: SINGLE (Line Drive, 9S, EV 89.4 MPH) Ryan Neal to second
|
|
Batting: LHB Eric Klasek
|
0-0: Called Strike 0-1: Foul Ball, location: 2F 0-2: Ball 1-2: Ball 2-2: Ball 3-2: Foul Ball, location: 2F 3-2: Foul Ball, location: 2F 3-2: Base on Balls Ryan Neal to third Ernesto Cedillos to second
|
|
Batting: RHB Akitada Nishizawa
|
0-0: Foul Ball, location: 2F 0-1: Fly out, F8 (Flyball, 89D, EV 90.6 MPH)
|
|
Batting: SHB Lewis Thorpe Jr.
|
0-0: Ball 1-0: Called Strike 1-1: Foul Ball, location: 2F 1-2: SINGLE (Groundball, 25, EV 66.2 MPH) (infield hit) Ryan Neal scores Ernesto Cedillos to third Eric Klasek to second
|
|
Batting: SHB Junzo Kato
|
0-0: Called Strike 0-1: Foul Ball, location: 2F 0-2: Strikes out swinging
|
| Bottom of the 9th over - 2 runs, 3 hits, 0 errors, 3 left on base; Philadelphia 11 - Milwaukee 10 |
|